 Dungeon Crawl Stone Soup version 0.31-a0-1338-gb567cfdca4 (webtiles) character file.

Game seed: 11527769682147913699

61 gelatine the Vexing (level 3, -1/26 HPs)
             Began as a Demonspawn Wanderer on Dec 23, 2023.
             Incinerated by a bombardier beetle (4 damage)
             ... with a burning spray
             ... on level 3 of the Dungeon.
             The game lasted 00:06:45 (2499 turns).

gelatine the Vexing (Demonspawn Wanderer)           Turns: 2499, Time: 00:06:45

Health: -1/26      AC:  2    Str: 11    XL:     3   Next: 83%
Magic:  7/7        EV: 11    Int: 15    God:
Gold:   72         SH:  0    Dex: 12    Spells: 4/8 levels left

rFire   . . .        p - +3 dagger
rCold   . . .        (no shield)
rNeg    . . .        d - +0 robe
rPois   .            (no helmet)
rElec   .            (no cloak)
rCorr   .            (no gloves)
SInv    .            (no boots)
Will    .....        (no amulet)
Stlth   +            (no ring)
HPRegen 0.24/turn    (no ring)
MPRegen 0.20/turn

%: no passive effects
@: mighty, on fire, glowing
A: spiny 1, magic regeneration
a: no special abilities


You were on level 3 of the Dungeon.
You visited 1 branch of the dungeon, and saw 3 of its levels.

You collected 72 gold pieces.

Inventory:

Hand Weapons
 i - a +0 dagger of venom
 p - a +3 dagger (weapon)
Missiles
 b - 2 poisoned darts (quivered)
Armour
 d - a +0 robe (worn)
Talismans
 m - a blade talisman
Scrolls
 c - a scroll of fear
 e - a scroll of noise {unknown}
 f - 3 scrolls of identify {unknown}
 g - a scroll of immolation {unknown}
 j - a scroll of torment {unknown}
 o - a scroll of fog {unknown}
Potions
 k - a potion of haste {unknown}
 l - 2 potions of heal wounds {unknown}
 n - a potion of degeneration {unknown}


   Skills:
 * Level 1.4 Fighting
 * Level 0.1 Short Blades
 + Level 2.3 Throwing
 * Level 0.4 Armour
 * Level 0.7 Dodging
 * Level 0.2 Stealth
 * Level 3.1 Spellcasting
 * Level 2.2 Conjurations
 * Level 3.2 Hexes
 * Level 0.5 Alchemy


You had 4 spell levels left.
You knew the following spells:

 Your Spells              Type           Power      Damage    Failure   Level
a - Sting                 Conj/Alch      24%        1d4       11%         1
b - Dazzling Flash        Conj/Hex       20%        N/A       19%         3

Your spell library contained the following spells:

 Spells                   Type           Power      Damage    Failure   Level
 Slow                     Hex            44%        N/A       5%          1
 Hailstorm                Conj/Ice       5%         3d5       36%         3
 Brom's Barrelling Bould  Conj/Erth      5%         2d3       77%         4
 Alistair's Intoxication  Alch           2%         N/A       99%         5
 Borgnjor's Vile Clutch   Necr/Erth      1%         N/A       99%         5
 Eringya's Noxious Bog    Alch           2%         4d6       100%        6


Dungeon Overview and Level Annotations

Branches:
Dungeon (3/15)

Altars:


Innate Abilities, Weirdness & Mutations

You are partially covered in sharp spines.
You regenerate magic rapidly.


Message History

The bombardier beetle bites you.
You hit the bombardier beetle.
The bombardier beetle is severely wounded.
You barely miss the bombardier beetle.
The bombardier beetle is severely wounded.
The bombardier beetle sprays incendiary fluid at you.
The burning spray hits you.
You are covered in liquid fire!
You hit the bombardier beetle but do no damage.
The bombardier beetle is severely wounded.
The liquid fire burns you!
You hit the bombardier beetle.
The bombardier beetle is almost dead.
The liquid fire burns you!
The bombardier beetle sprays incendiary fluid at you.
The burning spray hits you.
You are even more covered in liquid fire!
You hit the bombardier beetle but do no damage.
The bombardier beetle is almost dead.
The liquid fire burns you!
The bombardier beetle sprays incendiary fluid at you.
The burning spray hits you.
You are even more covered in liquid fire!
You hit the bombardier beetle.
The bombardier beetle is almost dead.
The liquid fire burns you!
You shake off some of the fire as you move.
The liquid fire burns you!
* * * LOW HITPOINT WARNING * * *
The bombardier beetle sprays incendiary fluid at you.
The burning spray hits you.
You are even more covered in liquid fire!
There is a stone staircase leading up here.
You shake off some of the fire as you move.
The liquid fire burns you!
* * * LOW HITPOINT WARNING * * *
It was a potion of might.
You feel very mighty all of a sudden. The liquid fire burns you!
You die...

...... #........ .#
###....... ...##
##........##
....##..........#
#.##.....#....>..#
#..........<.....#
......B.<)((....#
........@..†<...#
................#
................#
..................
...................#
.................###
.$................
#........?...###.#


You could see a bombardier beetle.

Vanquished Creatures
  A worm (D:2)
  A dart slug (D:1)
  3 orcs
  6 endoplasms
  3 giant cockroaches
  7 goblins
  2 hobgoblins
  2 jackals (D:1)
  4 quokkas
  3 ball pythons
  8 bats
  4 frilled lizards
  3 kobolds
47 creatures vanquished.

Notes
Turn   | Place    | Note
-------+----------+-------------------------------------------
     0 | D:1      | gelatine the Demonspawn Wanderer began the quest for the
                  | Orb.
     0 | D:1      | gelatine set off with the following items: a +0 dagger, 13
                  | poisoned darts, a scroll of fear, a +0 robe; and the
                  | following spells available to memorise: Slow, Sting,
                  | Dazzling Flash, Hailstorm, Brom's Barrelling Boulder.
     0 | D:1      | Reached XP level 1. HP: 13/13 MP: 4/4
   131 | D:1      | Gained mutation: You regenerate magic rapidly. [demonic
                  | ancestry]
   131 | D:1      | Reached XP level 2. HP: 14/20 MP: 6/6
   177 | D:1      | Learned a level 1 spell: Sting
   466 | D:1      | Reached skill level 1 in Fighting
   609 | D:1      | Gained mutation: You are partially covered in sharp spines.
                  | [demonic ancestry]
   609 | D:1      | Reached XP level 3. HP: 14/26 MP: 7/7
  2416 | D:2      | Learned a level 3 spell: Dazzling Flash
  2499 | D:3      | Incinerated by a bombardier beetle

Illustrated notes

Levels and vault maps discovered:
D:1:      minmay_arrival_five_plusses, layout_basic, serial_forest,
          infiniplex_forest_corner_2, infiniplex_forest_end_2,
          infiniplex_forest_lined_room_2, infiniplex_forest_end_2,
          infiniplex_forest_straight_1, infiniplex_forest_lined_room_3,
          infiniplex_forest_clump_double
D:2:      layout_basic, nicolae_figureground_pulse
D:3:      layout_rooms

Skill      XL: |  1  2  3 |
---------------+----------+-----
Fighting       | 1 |  1.4
Throwing       | 2 |  2.3
Short Blades   | |  0.1
Armour         | |  0.4
Dodging        | |  0.7
Stealth        | |  0.2
Spellcasting   | |  3.1
Conjurations   | |  2.2
Hexes          | |  3.2
Alchemy        | |  0.5

Action                     || total
---------------------------++-------
  Melee: Dagger            ||   190
         Punch             ||     4
  Throw: Dart              ||   147
    Use: Potion            ||     1
 Armour: Robe              ||    62
  Dodge: Dodged            ||    71

Table legend: (Time is in decaauts)
 A = Elapsed time spent in this place.
 B = Non-inter-level travel time spent in this place.
 C = Inter-level travel time spent in this place.
 D = Time resting spent in this place.
 E = Time spent auto-exploring this place.
 F = Levels seen in this place.
 G = Mean time per level.
                   A        B        C        D        E       F      G
               +--------+--------+--------+--------+--------+-----+--------+
         Total |   2486 |   2149 |    337 |      0 |   1612 |   3 |  828.7 |
       Dungeon |   2486 |   2149 |    337 |      0 |   1612 |   3 |  828.7 |
               +--------+--------+--------+--------+--------+-----+--------+

Top non-repeatable levels by time:
     D:1: 1305 daAuts
     D:2: 1150 daAuts
     D:3: 30 daAuts
